 Dungeon Crawl Stone Soup version 0.30-a0-883-g5ad918d77d (webtiles) character file.

Game seed: 2725350936263641874

163 mandoloar the Digger (level 5, -7/37 HPs)
             Began as a Gnoll Earth Elementalist on Mar 15, 2023.
             Was an Initiate of Vehumet.
             Mangled by an ogre
             ... wielding a +0 giant spiked club
              (28 damage)
             ... on level 4 of the Dungeon.
             The game lasted 00:09:11 (3945 turns).

mandoloar the Digger (Gnoll Earth Elementalist)     Turns: 3945, Time: 00:09:11

Health: -7/37      AC:  3    Str:  7    XL:     5   Next: 44%
Magic:  10/12      EV: 13    Int: 17    God:    Vehumet [......]
Gold:   115        SH:  0    Dex: 12    Spells: 13/14 levels left

rFire   . . .      SeeInvis .    a - +0 war axe
rCold   + . .      Faith    +    (no shield)
rNeg    . . .      Spirit   .    i - +0 robe
rPois   .          Reflect  .    (no helmet)
rElec   .          Rampage  .    (no cloak)
rCorr   .                        (no gloves)
Will    .....                    c - +0 pair of boots
Stlth   +++                      r - amulet of Rureen {Faith +Inv rC+}
HPRegen 0.26/turn                (no ring)
MPRegen 0.13/turn                (no ring)

@: no status effects
A: fangs 1, strong nose, distributed training
a: Renounce Religion, Evoke Invisibility


You were on level 4 of the Dungeon.
You worshipped Vehumet.
Vehumet was noncommittal.
You visited 2 branches of the dungeon, and saw 5 of its levels.

You collected 115 gold pieces.

Inventory:

Hand Weapons
 a - a +0 war axe (weapon)
 b - a +0 short sword
Armour
 c - a +0 pair of boots (worn)
 i - a +0 robe (worn)
 t - a +0 kite shield
Jewellery
 r - the amulet of Rureen (around neck) {Faith +Inv rC+}
   (You found it on level 3 of the Dungeon)

   [amulet of faith]

   It allows you to gain divine favour quickly.
   rC:        It protects you from cold.
   +Inv:      It lets you turn invisible.
 u - a ring of protection from fire
Wands
 l - a wand of roots (9)
Scrolls
 f - 3 scrolls of teleportation
Potions
 d - a potion of mutation
 g - a potion of flight
 h - a potion of attraction
 k - a potion of cancellation {unknown}
 m - a potion of magic
 n - a potion of berserk rage {unknown}
 o - a potion of might {unknown}
 p - a potion of ambrosia {unknown}


   Skills:
 + Level 1.5 Fighting
 + Level 1.5 Short Blades
 + Level 1.5 Long Blades
 + Level 1.5 Axes
 + Level 1.5 Maces & Flails
 + Level 1.5 Polearms
 + Level 1.5 Staves
 + Level 1.5 Ranged Weapons
 + Level 1.5 Throwing
 + Level 1.5 Armour
 + Level 4.8 Dodging
 + Level 4.4 Stealth
 + Level 1.5 Shields
 + Level 1.5 Unarmed Combat
 + Level 5.2 Spellcasting
 + Level 1.2 Conjurations
 + Level 1.2 Hexes
 + Level 1.2 Summonings
 + Level 1.2 Necromancy
 + Level 1.2 Translocations
 + Level 2.4 Transmutations
 + Level 1.2 Fire Magic
 + Level 1.2 Ice Magic
 + Level 1.2 Air Magic
 + Level 5.5 Earth Magic
 + Level 1.2 Poison Magic
 + Level 1.7 Invocations
 + Level 1.5 Evocations


You had 13 spell levels left.
You knew the following spells:

 Your Spells              Type           Power      Damage    Failure   Level
a - Sandblast             Erth           46%        2d11      1%          1

Your spell library contained the following spells:

 Spells                   Type           Power      Damage    Failure   Level
 Passwall                 Tmut/Erth      15%        N/A       4%          2
 Apportation              Tloc           16%        N/A       9%          1
 Necrotise                Necr           32%        1d5       9%          1
 Summon Small Mammal      Summ           32%        N/A       9%          1
 Stone Arrow              Conj/Erth      32%        3d9       11%         3
 Petrify                  Tmut/Erth      18%        N/A       26%         4


Dungeon Overview and Level Annotations

Branches:
Dungeon (4/15)             Temple (1/1) D:4

Altars:
Ashenzari
Cheibriados
Elyvilon
Fedhas
Gozag
Hepliaklqana
Kikubaaqudgha
Makhleb
Nemelex Xobeh
Okawaru
Qazlal
Ru
Sif Muna
Trog
Uskayaw
Vehumet
Wu Jian
Xom
Yredelemnul
Zin
The Shining One

Shops:
D:3 (


Innate Abilities, Weirdness & Mutations

You have very sharp teeth.
Your uncanny sense of smell can sniff out nearby items.
Your experience applies equally to all skills.


Message History

The ogre shouts!
Casting: Sandblast (safe; 1% risk of failure)
Confirm with . or Enter, or press ? or * to list all spells.
You don't know that spell.
Casting: Sandblast (safe; 1% risk of failure)
Confirm with . or Enter, or press ? or * to list all spells.
You don't know that spell.
Unknown command.
Casting: Sandblast (safe; 1% risk of failure)
Confirm with . or Enter, or press ? or * to list all spells.
You don't know that spell.
Casting: Sandblast (safe; 1% risk of failure)
Confirm with . or Enter, or press ? or * to list all spells.
You don't know that spell.
Unknown command.
Casting: Sandblast (safe; 1% risk of failure)
Confirm with . or Enter, or press ? or * to list all spells.
Aiming: Sandblast (safe; 1% risk of failure)
Press: ? - help, Shift-Dir - straight line, f - ogre
Aim: an ogre, wielding a +0 giant spiked club (92% to hit)
The blast of sand hits the ogre!
The ogre is moderately wounded.
Casting: Sandblast (safe; 1% risk of failure)
Confirm with . or Enter, or press ? or * to list all spells.
Aiming: Sandblast (safe; 1% risk of failure)
Press: ? - help, Shift-Dir - straight line, f/p - ogre
Aim: an ogre, wielding a +0 giant spiked club (lightly wounded, 92% to hit)
The blast of sand hits the ogre!
The ogre is severely wounded.
The ogre hits you with a +0 giant spiked club!
Casting: Sandblast (safe; 1% risk of failure)
Confirm with . or Enter, or press ? or * to list all spells.
Aiming: Sandblast (safe; 1% risk of failure)
Press: ? - help, Shift-Dir - straight line, f/p - ogre
Aim: an ogre, wielding a +0 giant spiked club (severely wounded, 92% to hit)
The blast of sand hits the ogre.
The ogre is severely wounded.
The ogre hits you with a +0 giant spiked club!!
Ouch! That really hurt!
You die...

...# #.# #.###.####
#........# #.###.##.#
#.# #.##.# #.# #.##.#
..[...# #.# #.##.#
......########.###.##.#
...............O@..##.#
..... ##############.#
... #.# #.# ## ## #.#
###†####...# #.#
..!......#.# #.#
.##.####...# #.#
.##.#####.####### #.#
<##.............# #.#


You could see an ogre.

Vanquished Creatures
  A hound (D:3)
  An orc wizard (D:3)
  5 adders
  3 dart slugs
  4 orcs (D:3)
  5 ball pythons
  8 endoplasms
  3 giant cockroaches
  4 goblins
  4 hobgoblins
  3 jackals (D:3)
  A bat (D:1)
  7 frilled lizards
  6 kobolds
  2 rats
57 creatures vanquished.

Vanquished Creatures (others)
  4 plants (D:3)
4 creatures vanquished.

Grand Total: 61 creatures vanquished

Notes
Turn   | Place    | Note
-------+----------+-------------------------------------------
     0 | D:1      | mandoloar the Gnoll Earth Elementalist began the quest for
                  | the Orb.
     0 | D:1      | Reached XP level 1. HP: 13/13 MP: 6/6
   270 | D:1      | Reached XP level 2. HP: 20/20 MP: 4/7
  1025 | D:2      | Reached skill level 5 in Spellcasting
  1025 | D:2      | Reached XP level 3. HP: 25/25 MP: 5/9
  1087 | D:2      | Reached skill level 1 in Invocations
  1601 | D:2      | Reached skill level 1 in Fighting
  1601 | D:2      | Reached skill level 1 in Short Blades
  1601 | D:2      | Reached skill level 1 in Long Blades
  1601 | D:2      | Reached skill level 1 in Axes
  1601 | D:2      | Reached skill level 1 in Maces & Flails
  1601 | D:2      | Reached skill level 1 in Polearms
  1601 | D:2      | Reached skill level 1 in Staves
  1601 | D:2      | Reached skill level 1 in Ranged Weapons
  1601 | D:2      | Reached skill level 1 in Throwing
  1601 | D:2      | Reached skill level 1 in Armour
  1601 | D:2      | Reached skill level 1 in Shields
  1601 | D:2      | Reached skill level 1 in Unarmed Combat
  1601 | D:2      | Reached skill level 1 in Evocations
  1757 | D:2      | Reached XP level 4. HP: 32/32 MP: 7/11
  2238 | D:3      | Reached skill level 1 in Conjurations
  2238 | D:3      | Reached skill level 1 in Hexes
  2238 | D:3      | Reached skill level 1 in Summonings
  2238 | D:3      | Reached skill level 1 in Necromancy
  2238 | D:3      | Reached skill level 1 in Translocations
  2238 | D:3      | Reached skill level 1 in Fire Magic
  2238 | D:3      | Reached skill level 1 in Ice Magic
  2238 | D:3      | Reached skill level 1 in Air Magic
  2238 | D:3      | Reached skill level 1 in Poison Magic
  2520 | D:3      | Identified the amulet of Rureen {Faith +Inv rC+}
  2730 | D:3      | Reached XP level 5. HP: 37/37 MP: 10/12
  2890 | D:3      | Found Nulasch's Weapon Shop.
  3596 | D:4      | Found a staircase to the Ecumenical Temple.
  3606 | Temple   | Entered the Ecumenical Temple
  3797 | Temple   | Became a worshipper of Vehumet
  3931 | D:4      | Noticed an ogre
  3945 | D:4      | Mangled by an ogre

Illustrated notes

Levels and vault maps discovered:
D:1:      minmay_arrival_up_and_down, layout_loops_ring
D:2:      layout_basic
D:3:      cheibrodos_old_hovel, layout_loops_ring, serial_shops,
          nicolae_shop_bloodbath_and_beyond
D:4:      layout_loops_ring, minmay_temple_entry_poolview, uniq_ijyb
Temple:   roderic_octagonal_lattice_temple

Skill      XL: |  1  2  3  4 |
---------------+-------------+-----
Transmutations | 2 |  2.4
Spellcasting   | 5 |  5.2
Invocations    | 1 |  1.7
Fighting       | 1 |  1.5
Short Blades   | 1 |  1.5
Long Blades    | 1 |  1.5
Axes           | 1 |  1.5
Maces & Flails | 1 |  1.5
Polearms       | 1 |  1.5
Staves         | 1 |  1.5
Ranged Weapons | 1 |  1.5
Throwing       | 1 |  1.5
Armour         | 1 |  1.5
Shields        | 1 |  1.5
Unarmed Combat | 1 |  1.5
Evocations     | 1 |  1.5
Conjurations   | 1 |  1.2
Hexes          | 1 |  1.2
Summonings     | 1 |  1.2
Necromancy     | 1 |  1.2
Translocations | 1 |  1.2
Fire Magic     | 1 |  1.2
Ice Magic      | 1 |  1.2
Air Magic      | 1 |  1.2
Poison Magic   | 1 |  1.2
Dodging        | |  4.8
Stealth        | |  4.4
Earth Magic    | |  5.5

Action                     |  1- 3 |  4- 6 || total
---------------------------+-------+-------++-------
  Melee: War axe           |       |     6 ||     6
   Cast: Sandblast         |    43 |    45 ||    88
    Use: Scroll            |       |     7 ||     7
 Armour: Robe              |     3 |     6 ||     9
  Dodge: Dodged            |     2 |    15 ||    17

Table legend: (Time is in decaauts)
 A = Elapsed time spent in this place.
 B = Non-inter-level travel time spent in this place.
 C = Inter-level travel time spent in this place.
 D = Time resting spent in this place.
 E = Time spent auto-exploring this place.
 F = Levels seen in this place.
 G = Mean time per level.
                   A        B        C        D        E       F      G
               +--------+--------+--------+--------+--------+-----+--------+
         Total |   3990 |   3738 |    252 |    751 |   2480 |   5 |  798.0 |
       Dungeon |   3696 |   3463 |    233 |    751 |   2233 |   4 |  924.0 |
        Temple |    293 |    274 |     19 |      0 |    247 |   1 |  293.0 |
               +--------+--------+--------+--------+--------+-----+--------+

Top non-repeatable levels by time:
     D:2: 1221 daAuts
     D:3: 1166 daAuts
     D:1: 965 daAuts
     D:4: 343 daAuts
  Temple: 293 daAuts
